 Dungeon Crawl Stone Soup version 0.28.0 (webtiles) character file.

Game seed: 12607867285141772546

146 horus123 the Magician (level 5, -2/28 HPs)
             Began as a Deep Elf Fire Elementalist on Feb 6, 2022.
             Killed from afar by an orc wizard (5 damage)
             ... with a puff of flame
             ... on level 4 of the Dungeon.
             The game lasted 00:04:57 (3177 turns).

horus123 the Magician (Deep Elf Fire Elementalist)  Turns: 3177, Time: 00:04:58

Health: -2/28      AC:  3    Str:  5    XL:     5   Next: 7%
Magic:  4/15       EV: 12    Int: 22    God:
Gold:   202        SH:  0    Dex: 15    Spells: 13/16 levels left

rFire   + . .      SeeInvis .   n - staff of fire
rCold   . . .      Faith    .   (no shield)
rNeg    . . .      Spirit   .   a - +0 robe
rPois   .          Reflect  .   (no helmet)
rElec   .          Harm     .   k - +0 cloak
rCorr   .          Rampage  .   (no gloves)
Will    .....                   (no boots)
Stlth   +.........              (no amulet)
HPRegen 0.09/turn               (no ring)
MPRegen 0.14/turn               (no ring)

@: confused
A: no striking features
a: no special abilities


You were on level 4 of the Dungeon.
You visited 1 branch of the dungeon, and saw 4 of its levels.

You collected 202 gold pieces.

Inventory:

Armour
 a - a +0 robe (worn)
 k - a +0 cloak (worn)
Magical Staves
 n - a staff of fire (weapon)
Scrolls
 g - a scroll of holy word {unknown}
 i - a scroll of summoning {unknown}
 j - a scroll of enchant weapon {unknown}
 l - 2 scrolls of identify
 m - a scroll of teleportation {unknown}
 o - a scroll of magic mapping {unknown}
Potions
 b - a potion of degeneration {unknown}
 c - a potion of lignification {unknown}
 d - 4 potions of heal wounds
 e - 2 potions of curing {unknown}
 f - a potion of brilliance {unknown}
 h - 2 potions of haste {unknown}
 p - a potion of might {unknown}


   Skills:
 - Level 2.4 Dodging
 - Level 2.4 Stealth
 + Level 6.0 Spellcasting
 - Level 2.3 Conjurations
 - Level 4.0 Fire Magic


You had 13 spell levels left.
You knew the following spells:

 Your Spells              Type           Power      Damage    Failure   Level
a - Foxfire               Conj/Fire      100%       2x1d9     2%          1
b - Scorch                Fire           72%        2d8       2%          2

Your spell library contained the following spells:

 Spells                   Type           Power      Damage    Failure   Level
 Conjure Flame            Conj/Fire      31%        6-21      8%          3
 Inner Flame              Hex/Fire       23%        N/A       12%         3
 Flame Wave               Conj/Fire      31%        2d8       24%         4


Dungeon Overview and Level Annotations

Branches:
Dungeon (4/15)
 Temple: D:4-7

Altars:
Cheibriados
Elyvilon
Xom

Annotations:
D:3 2 transporters, DemonSlayer's ghost, weakling DENe


Message History

You bump into the rock wall.
You bump into the rock wall.
The orc wizard gestures wildly while chanting.
The orc wizard flickers and vanishes!
Deactivating autopickup; reactivate with Ctrl-A.
You hear some strange, mumbled words.
You are more confused.
You hear some strange, mumbled words.
Something tries to affect you, but you resist.
You're too confused to move!
You hear some strange, mumbled words.
You are more confused.
You hear some strange, mumbled words.
Something tries to affect you, but you resist.
A magic dart appears from out of thin air!
The magic dart hits you!
You're too confused to move!
You're too confused to cast spells.
You bump into the rock wall.
You bump into the rock wall.
Something hits you.
* * * LOW HITPOINT WARNING * * *
You're too confused to move!
Something hits you.
* * * LOW HITPOINT WARNING * * *
You're too confused to cast spells.
You hear some strange, mumbled words.
Something tries to affect you, but you resist.
You bump into the rock wall.
You feel less confused.
You hear some strange, mumbled words.
You are confused.
You hear some strange, mumbled words.
A puff of flame appears from out of thin air!
The puff of flame hits you. You resist.
* * * LOW HITPOINT WARNING * * *
You see here a +0 mace.
You bump into the rock wall.
Something hits you but does no damage.
You hear some strange, mumbled words.
A puff of flame appears from out of thin air!
The puff of flame hits you. You resist.
You die...

..# #.##..... #....##.#
#.##.##.# # # #.##.....
.# #.#.##.##....##..
#......##.##...
##@##.##.#####
#..{.........######
#.....#.)...............
........###.#####..####.
#....##.# #.##........#.
#.### #.# #....##..##...
. #.# #........####. ..#
#......).####. ###
#.######......


There were no monsters in sight!

Vanquished Creatures
  A bullfrog (D:4)
  2 adders (D:3)
  2 worms (D:3)
  A dart slug (D:2)
  2 orcs (D:4)
  5 endoplasms
  3 giant cockroaches
  A goblin (D:3)
  2 hobgoblins
  7 jackals
  2 quokkas (D:3)
  6 ball pythons
  9 bats
  4 frilled lizards
  A kobold (D:3)
  2 rats
50 creatures vanquished.

Vanquished Creatures (others)
  29 foxfires
29 creatures vanquished.

Grand Total: 79 creatures vanquished

Notes
Turn   | Place    | Note
-------+----------+-------------------------------------------
     0 | D:1      | horus123 the Deep Elf Fire Elementalist began the quest for
                  | the Orb.
     0 | D:1      | Reached XP level 1. HP: 10/10 MP: 6/6
   718 | D:2      | Reached XP level 2. HP: 15/15 MP: 6/8
   721 | D:2      | Learned a level 2 spell: Scorch
   956 | D:2      | Found a snail-covered altar of Cheibriados.
  1257 | D:2      | Found a faded altar of an unknown god.
  1420 | D:3      | Reached skill level 4 in Spellcasting
  1559 | D:3      | Reached XP level 3. HP: 19/19 MP: 7/10
  1583 | D:3      | Found a transporter.
  1585 | D:3      | Noticed DemonSlayer's ghost (weakling DENe)
  1640 | D:3      | Found a shimmering altar of Xom.
  1866 | D:3      | Found a transporter.
  2147 | D:3      | Found a white marble altar of Elyvilon.
  2687 | D:3      | Reached XP level 4. HP: 24/24 MP: 5/12
  3116 | D:4      | Noticed a bullfrog
  3130 | D:4      | Killed a bullfrog
  3131 | D:4      | Reached skill level 6 in Spellcasting
  3131 | D:4      | Reached XP level 5. HP: 22/28 MP: 4/15
  3177 | D:4      | Killed from afar by an orc wizard

Illustrated notes

Levels and vault maps discovered:
D:1:      co_arrival_random_square_maze, layout_loops_ring
D:2:      layout_basic, shapermc_ecumenical_altar_ellora, basic_altar
D:3:      layout_basic, elyvilon_altar_3, lemuel_round_altar,
          gammafunk_ghost_mausoleum, minmay_increasing_density
D:4:      layout_loops_cross, minmay_temple_entry_poolview,
          hangedman_abyss_or_decor_lesser_grid, serial_park_tiny_pond

Skill      XL: |  1  2  3  4 |
---------------+-------------+-----
Conjurations   | 2 |  2.3
Spellcasting   | 4 6 |  6.0
Fire Magic     | 4 |  4.0
Dodging        | |  2.4
Stealth        | |  2.4

Action                   |  1- 3 |  4- 6 || total
-------------------------+-------+-------++-------
Melee: Unarmed           |     1 |       ||     1
       Staff             |     2 |       ||     2
 Cast: Foxfire           |    16 |     2 ||    18
       Scorch            |    47 |    10 ||    57
  Use: Scroll            |     1 |       ||     1
Armor: Robe              |     4 |     1 ||     5
Dodge: Dodged            |    11 |     3 ||    14
